AoeStats
← NTM.El_Dudu

Nomad

510026326Analyzed
3v3 RM · 4d ago on Sep 29, 2026· 49m 27s· 6 players
Game mode
Random Map
Map size
210×210
Population
200
Speed
Normal
Resources
Standard
Victory
Conquest
Starting age
Dark Age
Ending age
Imperial Age
RankedLock teamsTeams togetherTeam positionsShared explorationLock speedFull tech treeHidden civsTurbo modeCheats
Victory
Defeat
🇲🇽 Saxons · Mexico
1309
+9
🇨🇴 Persians · Colombia
1167
+15
🇲🇽 Romans · Mexico
1139
+16
🇨🇱 Malians · Chile
1240
-17
🇨🇱 Persians · Chile
1140
-13
🇨🇱 Khmer · Chile
1063
-10
NTM.W.ALARCON
4:20 Loom
12:53 Feudal Age
17:42 Forging
22:48 Castle Age
21:00 Scale Mail Armor
21:56 Gold Mining
22:33 Horse Collar
23:22 Gambesons
24:13 Man-at-Arms
28:23 Wheelbarrow
30:08 Scale Barding Armor
35:29 Town Watch
35:35 Fletching
37:07 Long Swordsman
39:22 Iron Casting
40:12 Chain Barding Armor
43:22 Heavy Plow
47:05 Imperial Age
45:37 Husbandry
45:48 Bloodlines
45:56 Hand Cart
47:17 Heavy Camel Rider
47:18 Cavalier
49:37 Gold Shaft Mining
50:02 Plate Barding Armor
ntm.KongDiablo
5:28 Loom
13:11 Feudal Age
20:51 Castle Age
19:05 Gold Mining
20:26 Town Watch
21:04 Fletching
21:48 Double-Bit Axe
24:34 Bow Saw
27:16 Pikeman
28:13 Fishing Lines
29:31 Scale Mail Armor
34:46 Imperial Age
32:59 Stone Mining
33:44 Forging
33:50 Chain Mail Armor
33:57 Squires
45:16 Conscription
47:16 Wheelbarrow
NTM.El_Dudu
5:11 Loom
14:12 Feudal Age
14:40 Fishing Lines
14:47 Double-Bit Axe
18:25 Wheelbarrow
23:00 Castle Age
21:18 Fletching
22:05 Forging
22:54 Town Watch
23:55 Medium Warships
27:56 Bodkin Arrow
29:42 Careening
30:32 Scale Mail Armor
31:17 Ballistics
30:53 Arson
31:08 Squires
31:02 Gambesons
34:41 Chain Mail Armor
35:01 Iron Casting
35:15 Gillnets
39:42 Imperial Age
38:09 Horse Collar
38:40 Bow Saw
39:07 Iron Casting
40:40 Hand Cart
41:38 Plate Mail Armor
42:25 Elite Varangian Guard
42:38 Capped Ram
43:42 Siege Ram
46:38 Heavy Plow
46:35 Gold Mining
47:53 Two-Man Saw
47:33 Shield Wall
48:34 Conscription
48:21 Bracer
49:45 Masonry
Arkh
15:04 Feudal Age
15:37 Double-Bit Axe
17:16 Fletching
17:48 Horse Collar
23:02 Loom
25:28 Castle Age
25:17 Scale Barding Armor
25:05 Gold Mining
27:03 Chain Barding Armor
27:33 Forging
27:58 Bow Saw
28:07 Husbandry
29:10 Heavy Plow
31:08 Bloodlines
34:52 Iron Casting
37:16 Wheelbarrow
43:52 Imperial Age
42:21 Bodkin Arrow
44:33 Scale Mail Armor
45:13 Plate Barding Armor
45:18 Man-at-Arms
46:15 Chain Mail Armor
milo
3:16 Loom
19:39 Feudal Age
21:28 Horse Collar
29:11 Castle Age
29:38 Pikeman
34:53 Padded Archer Armor
34:44 Fletching
35:55 Leather Archer Armor
35:30 Double-Bit Axe
Janseth
4:07 Loom
12:57 Feudal Age
18:40 Castle Age
20:01 Squires
22:16 Double-Bit Axe
23:24 Horse Collar
26:01 Scale Barding Armor
29:54 Gambesons
34:10 Pikeman
37:32 Light Cavalry
38:23 Bloodlines
39:53 Fletching
40:15 Scale Mail Armor
40:28 Forging
Connection lost

Rejoining the realm…

Still unreachable

The connection could not be restored.

Session expired

The server has moved on; the page needs a fresh start.